Flyers vs Senateurs

Created - 22 décembre 2016 at 23:41

Goals
1 2 3 T
Flyers 2 2 1 5
Senateurs 0 0 1 1
Shots
1 2 3 T
Flyers 14 14 7 35
Senateurs 7 8 22 37

1st period

1. Flyers , Alexei Morozov 15 (Jeff Carter, Mats Zuccarello) at 11:21
2. Flyers , Chris Kreider 9 (Jonathan Ericsson) at 17:24

Penalties :
Alexei Morozov (Phi) for Interference (Minor) at 4:52, Kurtis Foster (Ott) for Hooking (Minor) at 18:23, Chris Kreider (Phi) for Holding (Minor) at 18:53

2nd period

3. Flyers , Jeff Carter 14 (Kyle Wellwood, Jeff Woywitka) at 15:11 (PP)
4. Flyers , Stefan Ruzicka 3 (Rostislav Olesz, Jeff O'Neill) at 16:46

Penalties :
Jeff Carter (Phi) for Cross-checking (Minor) at 8:29, Darcy Hordichuk (Ott) for Hooking (Minor) at 10:45, Andy McDonald (Ott) for Holding (Minor) at 14:50

3rd period

5. Senateurs , Andy McDonald 3 (Andrew Ebbett, Darcy Hordichuk) at 2:52
6. Flyers , Mats Zuccarello 6 (Matthew Lombardi, Jeff Woywitka) at 13:38

Penalties :
Dan Hamhuis (Ott) for Goalie Interference (Minor) at 0:15, Alexei Morozov (Phi) for Hooking (Minor) at 3:35, Chris Kreider (Phi) for Hooking (Minor) at 9:05, Dan Hamhuis (Ott) for Slashing (Minor) at 16:13

Goalie Stats

Cory Schneider (Phi), 36 saves from 37 shots - (0,973), W, 15-1-2, 60:00 minutes
Ondrej Pavelec (Ott), 30 saves from 35 shots - (0,857), L, 10-7-2, 60:00 minutes

Players Stats for Flyers

Player Name              G  A  P  +/- PIM S  H  SB GA TA FO     MP     PP MP  PK MP  
------------------------------------------------------------------------------------
Alexei Morozov           1  0  1   1  4   3  1  0  0  0  1/1    19:27   3:42   0:03 
Brock Nelson             0  0  0   1  0   1  0  1  0  0  0/0     7:26   0:00   0:03 
Chris Kreider            1  0  1   1  4   1  2  0  0  0  0/1    20:09   3:05   1:10 
Dany Heatley             0  0  0   1  0   3  3  1  0  0  1/1    18:11   3:42   0:00 
Jeff Carter              1  1  2   1  2   8  1  0  0  0  8/18   20:14   3:42   0:44 
Jeff O'Neill             0  1  1   0  0   2  1  0  0  0  2/5     8:40   0:00   3:10 
Jeff Woywitka            0  2  2   2  0   2  5  3  2  0  0/0    27:31   4:25   4:23 
John-Michael Liles       0  0  0   1  0   0  3  0  0  1  0/0    23:16   2:23   4:03 
Jonathan Ericsson        0  1  1   2  0   0  0  2  0  2  0/0    29:02   4:25   4:23 
Kyle Wellwood            0  1  1   1  0   2  0  1  0  0  11/32  18:52   3:06   0:13 
Loui Eriksson            0  0  0   1  0   0  0  0  0  0  1/1    18:39   3:06   0:00 
Mats Zuccarello          1  1  2   1  0   5  4  0  0  0  0/0    12:15   0:00   4:21 
Matthew Lombardi         0  1  1   1  0   3  0  0  1  0  5/8    12:19   0:00   4:19 
Nathan Paetsch           0  0  0   0  0   0  0  1  0  0  0/0    12:19   0:00   4:03 
Pavel Kubina             0  0  0   1  0   3  0  0  0  0  0/0    20:14   2:23   0:00 
Rostislav Olesz          0  1  1   0  0   1  0  0  0  0  0/0     8:19   0:00   2:49 
Stefan Ruzicka           1  0  1   0  0   1  0  0  1  1  0/0     5:29   0:00   0:00 
Victor Bartley           0  0  0   0  0   0  0  1  0  0  0/0     7:38   0:00   0:00 

Players Stats for Senateurs

Player Name              G  A  P  +/- PIM S  H  SB GA TA FO     MP     PP MP  PK MP  
------------------------------------------------------------------------------------
Andrew Ebbett            0  1  1   0  0   0  1  0  0  0  1/1     7:24   0:00   1:03 
Andy McDonald            1  0  1   0  2   3  1  0  0  0  1/1     7:50   0:10   0:48 
B.J. Crombeen            0  0  0  -2  0   2  1  0  0  0  1/2    16:36   3:37   0:00 
Brad Richards            0  0  0  -2  0   3  0  0  1  0  3/7    18:47   3:37   1:44 
Brandon Dubinsky         0  0  0   0  0   2  1  0  0  1  3/5     8:47   0:00   0:00 
Brenden Morrow           0  0  0  -2  0   6  3  0  0  0  0/2    18:47   3:37   1:44 
Carlo Colaiacovo         0  0  0   1  0   0  0  0  0  0  0/0    21:06   3:31   2:08 
Dan Girardi              0  0  0  -1  0   1  1  1  0  0  0/0    13:43   0:30   0:05 
Dan Hamhuis              0  0  0  -3  4   0  1  0  0  0  0/0    25:01   4:55   2:11 
Darcy Hordichuk          0  1  1   0  2   1  1  2  0  1  0/0    10:35   0:10   0:00 
George Parros            0  0  0   0  0   0  2  0  0  0  0/0     7:03   0:10   0:00 
Gilbert Brule            0  0  0  -1  0   3  5  0  0  1  24/41  24:31   4:39   4:12 
Johan Franzen            0  0  0  -1  0   1  3  1  0  0  2/5    17:37   4:15   0:00 
Kurtis Foster            0  0  0  -2  2   1  0  0  0  0  0/0    25:58   4:49   4:21 
Milan Hejduk             0  0  0   0  0   4  1  0  1  0  0/0     8:47   0:00   0:00 
Thomas Vanek             0  0  0  -1  0   7  2  0  1  0  3/3    24:24   4:39   4:05 
Vitaly Vishnevsky        0  0  0   0  0   1  0  1  1  1  0/0    20:12   3:31   1:52 
Vladimir Mihalik         0  0  0  -1  0   2  0  0  0  0  0/0    14:30   0:00   2:59 

3 Stars

1 - Jeff Woywitka (Phi)
2 - Mats Zuccarello (Phi)
3 - Cory Schneider (Phi)

Power Play

Flyers - 1 on 5 Attempt(s) - 20,00%
Senateurs - 0 on 5 Attempt(s) - 0,00%

Penalty Kill

Flyers - 5 on 5 Attempt(s) - 100,00% - Score 0 goal in Penalty Kill
Senateurs - 4 on 5 Attempt(s) - 80,00% - Score 0 goal in Penalty Kill

Team Stat

Flyers - Hits : 20 - Faceoff Wins : 29 - Blocked Shots : 10 - Penalty Minutes : 10
Senateurs - Hits : 23 - Faceoff Wins : 38 - Blocked Shots : 5 - Penalty Minutes : 10

Official

Referees : McCauley Wes and StLaurent Francois
Linesman : Lyle Seitz and Derek Nansen

Game Notes

No Game Note

Finance

Level 1 -- Attendance: 5858 (97,63%) -- Ticket Income 468 640 $
Level 2 -- Attendance: 5000 (100,00%) -- Ticket Income 250 000 $
Level 3 -- Attendance: 2000 (100,00%) -- Ticket Income 60 000 $
Level 4 -- Attendance: 3149 (78,73%) -- Ticket Income 72 427 $
Luxury Box -- Attendance: 1000 (100,00%) -- Ticket Income 155 000 $
Game was played at the Place Banque Scotia.
Total Attendance: 17007 (94,48%)
Total Ticket Income: 1 006 067 $
Other Income: 150 910 $
Total Income: 1 156 977 $

Flyers

5 vs 5 Forward 
   Center                   Left Wing                Right Wing               Time % Phy DF OF 
 1 Jeff Carter              Dany Heatley             Alexei Morozov           40     1   1  3  
 2 Kyle Wellwood            Chris Kreider            Loui Eriksson            40     1   1  3  
 3 Matthew Lombardi         Brock Nelson             Mats Zuccarello          15     0   3  2  
 4 Jeff O'Neill             Rostislav Olesz          Stefan Ruzicka           5      0   3  2  

5 vs 5 Defense 
   Defense                  Defense                                           Time % Phy DF OF 
 1 Jonathan Ericsson        Jeff Woywitka                                     40     0   3  2  
 2 Pavel Kubina             John-Michael Liles                                40     0   3  2  
 3 Nathan Paetsch           Victor Bartley                                    15     0   5  0  
 4 Jonathan Ericsson        Pavel Kubina                                      5      0   3  2  

PowerPlay Forward 
   Center                   Left Wing                Right Wing               Time % Phy DF OF 
 1 Jeff Carter              Dany Heatley             Alexei Morozov           50     0   0  5  
 2 Kyle Wellwood            Chris Kreider            Loui Eriksson            50     0   0  5  

PowerPlay Defense
   Defense                  Defense                                           Time % Phy DF OF 
 1 Jonathan Ericsson        Jeff Woywitka                                     60     0   2  3  
 2 Pavel Kubina             John-Michael Liles                                40     0   3  2  

Penalty Kill 4 Players Forward 
   Center                   Wing                     Time % Phy DF OF 
 1 Matthew Lombardi         Mats Zuccarello          60     0   5  0  
 2 Jeff O'Neill             Rostislav Olesz          40     0   5  0  

Penalty Kill 4 Players Defense
   Defense                  Defense                  Time % Phy DF OF 
 1 Jeff Woywitka            Jonathan Ericsson        60     0   5  0  
 2 John-Michael Liles       Nathan Paetsch           40     0   5  0  

Penalty Kill - 3 Players Forward 
   Forward                                           Time % Phy DF OF 
 1 Matthew Lombardi                                  60     0   5  0  
 2 Jeff O'Neill                                      40     0   5  0  

Penalty Kill - 3 Players Defense
   Defense                  Defense                  Time % Phy DF OF 
 1 Jonathan Ericsson        Jeff Woywitka            60     0   5  0  
 2 Nathan Paetsch           John-Michael Liles       40     0   5  0  

4 vs 4 Forward 
   Center                   Wing                     Time % Phy DF OF 
 1 Jeff Carter              Alexei Morozov           60     1   1  3  
 2 Kyle Wellwood            Loui Eriksson            40     0   2  3  

4 vs 4 Defense
   Defense                  Defense                  Time % Phy DF OF 
 1 Jeff Woywitka            Jonathan Ericsson        60     0   3  2  
 2 Pavel Kubina             John-Michael Liles       40     0   3  2  

Last Minutes Offensive
   Center                   Left Wing                Right Wing               Defense                  Defense                  
   Jeff Carter              Dany Heatley             Alexei Morozov           Pavel Kubina             Jonathan Ericsson        

Last Minutes Defensive
   Center                   Left Wing                Right Wing               Defense                  Defense                  
   Matthew Lombardi         Dany Heatley             Loui Eriksson            Jeff Woywitka            Nathan Paetsch           

Goaltenders
Starting : Cory Schneider           
Backup : Viktor Fasth             

Extra Forwards
Normal : Jeff Carter, Kyle Wellwood, Alexei Morozov - PP : Jeff Carter, Kyle Wellwood - PK : Matthew Lombardi
Extra Defensemen
Normal : Jonathan Ericsson, Jeff Woywitka, Pavel Kubina - PP : Pavel Kubina - PK : Jeff Woywitka, Jonathan Ericsson
Penalty Shots
Loui Eriksson, Dany Heatley, Jeff Carter, Kyle Wellwood, Alexei Morozov

Senateurs

5 vs 5 Forward 
   Center                   Left Wing                Right Wing               Time % Phy DF OF 
 1 Gilbert Brule            Thomas Vanek             Johan Franzen            40     1   2  2  
 2 Brad Richards            Brenden Morrow           B.J. Crombeen            30     1   2  2  
 3 Brandon Dubinsky         Darcy Hordichuk          Milan Hejduk             20     1   2  2  
 4 Andrew Ebbett            Andy McDonald            George Parros            10     1   2  2  

5 vs 5 Defense 
   Defense                  Defense                                           Time % Phy DF OF 
 1 Kurtis Foster            Dan Hamhuis                                       40     1   2  2  
 2 Vitaly Vishnevsky        Carlo Colaiacovo                                  30     1   2  2  
 3 Dan Girardi              Vladimir Mihalik                                  20     1   2  2  
 4 Kurtis Foster            Dan Hamhuis                                       10     1   2  2  

PowerPlay Forward 
   Center                   Left Wing                Right Wing               Time % Phy DF OF 
 1 Gilbert Brule            Thomas Vanek             Johan Franzen            60     1   1  3  
 2 Brad Richards            Brenden Morrow           B.J. Crombeen            40     1   1  3  

PowerPlay Defense
   Defense                  Defense                                           Time % Phy DF OF 
 1 Kurtis Foster            Dan Hamhuis                                       60     1   2  2  
 2 Vitaly Vishnevsky        Carlo Colaiacovo                                  40     1   2  2  

Penalty Kill 4 Players Forward 
   Center                   Wing                     Time % Phy DF OF 
 1 Gilbert Brule            Thomas Vanek             60     1   2  2  
 2 Brad Richards            Brenden Morrow           40     1   2  2  

Penalty Kill 4 Players Defense
   Defense                  Defense                  Time % Phy DF OF 
 1 Kurtis Foster            Dan Hamhuis              60     1   2  2  
 2 Vitaly Vishnevsky        Carlo Colaiacovo         40     1   2  2  

Penalty Kill - 3 Players Forward 
   Forward                                           Time % Phy DF OF 
 1 Gilbert Brule                                     60     1   2  2  
 2 Thomas Vanek                                      40     1   2  2  

Penalty Kill - 3 Players Defense
   Defense                  Defense                  Time % Phy DF OF 
 1 Kurtis Foster            Dan Hamhuis              60     1   2  2  
 2 Vitaly Vishnevsky        Carlo Colaiacovo         40     1   2  2  

4 vs 4 Forward 
   Center                   Wing                     Time % Phy DF OF 
 1 Gilbert Brule            Thomas Vanek             60     1   2  2  
 2 Brad Richards            Brenden Morrow           40     1   2  2  

4 vs 4 Defense
   Defense                  Defense                  Time % Phy DF OF 
 1 Kurtis Foster            Dan Hamhuis              60     1   2  2  
 2 Vitaly Vishnevsky        Carlo Colaiacovo         40     1   2  2  

Last Minutes Offensive
   Center                   Left Wing                Right Wing               Defense                  Defense                  
   Gilbert Brule            Thomas Vanek             Johan Franzen            Kurtis Foster            Dan Hamhuis              

Last Minutes Defensive
   Center                   Left Wing                Right Wing               Defense                  Defense                  
   Gilbert Brule            Thomas Vanek             Johan Franzen            Kurtis Foster            Dan Hamhuis              

Goaltenders
Starting : Ondrej Pavelec           
Backup : Jonas Gustavsson         

Extra Forwards
Normal : Darcy Hordichuk, Andy McDonald, Andrew Ebbett - PP : Darcy Hordichuk, Andy McDonald - PK : Andrew Ebbett
Extra Defensemen
Normal : Dan Girardi, Vladimir Mihalik, Vitaly Vishnevsky - PP : Dan Girardi - PK : Vladimir Mihalik, Vitaly Vishnevsky
Penalty Shots
Gilbert Brule, Thomas Vanek, Brad Richards, Brenden Morrow, Johan Franzen

% Time on Ice - Flyers

Lines # - Real PCT - Wanted PCT - Time Play
Normal Forward
1 - 35% - 40% - 15:12
2 - 35% - 40% - 15:19
3 - 17% - 15% - 7:17
4 - 13% - 5% - 5:29
Normal Defense
1 - 41% - 40% - 17:34
2 - 38% - 40% - 16:30
3 - 18% - 15% - 7:38
4 - 4% - 5% - 1:35
PP Forward
1 - 54% - 50% - 3:42
2 - 46% - 50% - 3:06
PP Defense
1 - 65% - 60% - 4:25
2 - 35% - 40% - 2:23
PK Forward
1 - 67% - 60% - 5:37
2 - 33% - 40% - 2:49
PK Defense
1 - 52% - 60% - 4:25
2 - 48% - 40% - 4:01
PK3 Forward
1 - 0% - 60%
2 - 0% - 40%
PK3 Defense
1 - 0% - 60%
2 - 0% - 40%
44 Forward
1 - 83% - 60% - 1:14
2 - 17% - 40% - 0:15
44 Defense
1 - 74% - 60% - 1:06
2 - 26% - 40% - 0:23
Last Minute Offensive  - 0:00
Last Minute Defensive  - 0:00
Total
Forward - 60:00
Defense - 60:00

% Time on Ice - Senateurs

Lines # - Real PCT - Wanted PCT - Time Play
Normal Forward
1 - 35% - 40% - 15:01
2 - 30% - 30% - 13:08
3 - 20% - 20% - 8:47
4 - 15% - 10% - 6:21
Normal Defense
1 - 38% - 40% - 16:26
2 - 34% - 30% - 14:31
3 - 27% - 20% - 11:30
4 - 2% - 10% - 0:50
PP Forward
1 - 57% - 60% - 4:49
2 - 43% - 40% - 3:37
PP Defense
1 - 58% - 60% - 4:55
2 - 42% - 40% - 3:31
PK Forward
1 - 75% - 60% - 5:04
2 - 25% - 40% - 1:44
PK Defense
1 - 75% - 60% - 5:06
2 - 25% - 40% - 1:42
PK3 Forward
1 - 0% - 60%
2 - 0% - 40%
PK3 Defense
1 - 0% - 60%
2 - 0% - 40%
44 Forward
1 - 80% - 60% - 1:11
2 - 20% - 40% - 0:18
44 Defense
1 - 80% - 60% - 1:11
2 - 20% - 40% - 0:18
Last Minute Offensive  - 0:00
Last Minute Defensive  - 0:00
Total
Forward - 60:00
Defense - 60:00

Play by Play

1st period


0:01 of 1st period - Thomas Vanek wins face-off versus Jeff Carter in neutral zone.
1:26 of 1st period - Icing by Dan Hamhuis.
1:27 of 1st period - Jeff Carter wins face-off versus Gilbert Brule in Senateurs zone.
1:38 of 1st period - Snap shot by Dany Heatley.
1:38 of 1st period - Stopped by Ondrej Pavelec with a rebound.
1:58 of 1st period - Backhand shot by Darcy Hordichuk.
1:58 of 1st period - Shot Blocked by Jonathan Ericsson.
2:00 of 1st period - Slapshot by Darcy Hordichuk.
2:00 of 1st period - Stopped by Cory Schneider without a rebound.
2:01 of 1st period - Kyle Wellwood wins face-off versus Brenden Morrow in Flyers zone.
2:06 of 1st period - Slapshot by Brenden Morrow.
2:06 of 1st period - Shot Blocked by Kyle Wellwood.
2:08 of 1st period - Wrist shot by Brad Richards.
2:08 of 1st period - Stopped by Cory Schneider with a rebound.
2:10 of 1st period - Snap shot by Brenden Morrow.
2:10 of 1st period - Stopped by Cory Schneider with a rebound.
2:39 of 1st period - Wrist shot by Matthew Lombardi.
2:39 of 1st period - Shot Blocked by Vitaly Vishnevsky.
2:41 of 1st period - Wrist shot by Brock Nelson.
2:41 of 1st period - Stopped by Ondrej Pavelec with a rebound.
3:17 of 1st period - Snap shot by Jeff Carter.
3:17 of 1st period - Shot Misses the Net.
3:33 of 1st period - Slapshot by Kyle Wellwood.
3:33 of 1st period - Stopped by Ondrej Pavelec with a rebound.
3:53 of 1st period - Johan Franzen is hit by Mats Zuccarello and loses puck.
4:52 of 1st period - Minor Penalty to Alexei Morozov for Interference.
4:53 of 1st period - Matthew Lombardi wins face-off versus Gilbert Brule in Flyers zone.
6:52 of 1st period - Penalty to Alexei Morozov is over, Alexei Morozov is back on ice.
7:02 of 1st period - John-Michael Liles is hit by Andy McDonald and loses puck.
7:19 of 1st period - Snap shot by Milan Hejduk.
7:19 of 1st period - Stopped by Cory Schneider with a rebound.
7:52 of 1st period - Nathan Paetsch is hit by Gilbert Brule.
8:18 of 1st period - Jeff Woywitka is hit by B.J. Crombeen and loses puck.
8:29 of 1st period - Dany Heatley is hit by Andrew Ebbett and loses puck.
8:47 of 1st period - Chris Kreider is hit by Milan Hejduk and loses puck.
10:22 of 1st period - Wrist shot by Alexei Morozov.
10:22 of 1st period - Shot Misses the Net.
10:24 of 1st period - Wrist shot by Jeff Carter.
10:24 of 1st period - Stopped by Ondrej Pavelec with a rebound.
11:17 of 1st period - Snap shot by Jeff Carter.
11:17 of 1st period - Stopped by Ondrej Pavelec with a rebound.
11:19 of 1st period - Snap shot by Jeff Carter.
11:19 of 1st period - Stopped by Ondrej Pavelec with a rebound.
11:21 of 1st period - Wrist shot by Alexei Morozov.
11:21 of 1st period - Goal by Alexei Morozov - Flyers : 1 - Senateurs : 0.
11:22 of 1st period - Johan Franzen wins face-off versus Chris Kreider in neutral zone.
11:25 of 1st period - Snap shot by Johan Franzen.
11:25 of 1st period - Stopped by Cory Schneider with a rebound.
11:47 of 1st period - Kurtis Foster is hit by Alexei Morozov and loses puck.
12:16 of 1st period - Wrist shot by Matthew Lombardi.
12:16 of 1st period - Shot Misses the Net.
12:18 of 1st period - Snap shot by Matthew Lombardi.
12:18 of 1st period - Stopped by Ondrej Pavelec without a rebound.
12:19 of 1st period - Gilbert Brule wins face-off versus Kyle Wellwood in Senateurs zone.
12:30 of 1st period - Chris Kreider is hit by Gilbert Brule and loses puck.
12:47 of 1st period - Snap shot by Dany Heatley.
12:47 of 1st period - Stopped by Ondrej Pavelec without a rebound.
12:48 of 1st period - Jeff Carter wins face-off versus Brad Richards in Senateurs zone.
13:01 of 1st period - Vitaly Vishnevsky is hit by Dany Heatley and loses puck.
13:19 of 1st period - Slapshot by Pavel Kubina.
13:19 of 1st period - Shot Misses the Net.
13:37 of 1st period - Brad Richards is hit by Dany Heatley and loses puck.
14:00 of 1st period - Snap shot by Brad Richards.
14:00 of 1st period - Stopped by Cory Schneider with a rebound.
14:05 of 1st period - Off-side.
14:06 of 1st period - Thomas Vanek wins face-off versus Kyle Wellwood in neutral zone.
14:39 of 1st period - Wrist shot by Mats Zuccarello.
14:39 of 1st period - Shot Misses the Net.
15:14 of 1st period - Slapshot by Kyle Wellwood.
15:14 of 1st period - Stopped by Ondrej Pavelec with a rebound.
15:40 of 1st period - Snap shot by Mats Zuccarello.
15:40 of 1st period - Stopped by Ondrej Pavelec without a rebound.
15:41 of 1st period - Andy McDonald wins face-off versus Jeff O'Neill in Senateurs zone.
15:41 of 1st period - Andy McDonald is hit by Jeff Woywitka.
16:23 of 1st period - Kurtis Foster is hit by Jeff Carter and loses puck.
16:38 of 1st period - Wrist shot by Brenden Morrow.
16:38 of 1st period - Stopped by Cory Schneider without a rebound.
16:39 of 1st period - Kyle Wellwood wins face-off versus Brad Richards in Flyers zone.
17:09 of 1st period - Wrist shot by Dan Girardi.
17:09 of 1st period - Shot Blocked by Dany Heatley.
17:14 of 1st period - Off-side.
17:15 of 1st period - B.J. Crombeen wins face-off versus Kyle Wellwood in neutral zone.
17:24 of 1st period - Snap shot by Chris Kreider.
17:24 of 1st period - Deflect By Kurtis Foster.
17:24 of 1st period - Goal by Chris Kreider - Flyers : 2 - Senateurs : 0.
17:25 of 1st period - Gilbert Brule wins face-off versus Kyle Wellwood in neutral zone.
17:50 of 1st period - B.J. Crombeen is hit by Dany Heatley and loses puck.
18:20 of 1st period - Slapshot by Matthew Lombardi.
18:20 of 1st period - Stopped by Ondrej Pavelec without a rebound.
18:21 of 1st period - Gilbert Brule wins face-off versus Kyle Wellwood in Senateurs zone.
18:23 of 1st period - Minor Penalty to Kurtis Foster for Hooking.
18:24 of 1st period - Gilbert Brule wins face-off versus Jeff Carter in Senateurs zone.
18:53 of 1st period - Minor Penalty to Chris Kreider for Holding.
18:54 of 1st period - Jeff Carter wins face-off versus Gilbert Brule in Flyers zone.
18:54 of 1st period - Jeff Carter is hit by Thomas Vanek.
19:10 of 1st period - Wrist shot by Jeff Carter.
19:10 of 1st period - Stopped by Ondrej Pavelec without a rebound.
19:11 of 1st period - Alexei Morozov wins face-off versus Gilbert Brule in Senateurs zone.
19:16 of 1st period - Snap shot by Alexei Morozov.
19:16 of 1st period - Shot Blocked by Dan Girardi.
19:58 of 1st period - Wrist shot by Kyle Wellwood.
19:58 of 1st period - Shot Misses the Net.
Goals for this period are 2 for Flyers vs 0 for Senateurs.
Shots for this period are 14 for Flyers vs 7 for Senateurs.

2nd period


0:01 of 2nd period - Jeff Carter wins face-off versus Gilbert Brule in neutral zone.
0:16 of 2nd period - Snap shot by Jeff Carter.
0:16 of 2nd period - Stopped by Ondrej Pavelec without a rebound.
0:17 of 2nd period - Gilbert Brule wins face-off versus Jeff Carter in Senateurs zone.
0:22 of 2nd period - Slapshot by Dan Girardi.
0:22 of 2nd period - Shot Blocked by Jeff Woywitka.
0:23 of 2nd period - Penalty to Kurtis Foster is over, Kurtis Foster is back on ice.
0:34 of 2nd period - Slapshot by Jeff Woywitka.
0:34 of 2nd period - Stopped by Ondrej Pavelec with a rebound.
0:36 of 2nd period - Snap shot by Mats Zuccarello.
0:36 of 2nd period - Stopped by Ondrej Pavelec with a rebound.
0:38 of 2nd period - Snap shot by Mats Zuccarello.
0:38 of 2nd period - Shot Misses the Net.
0:53 of 2nd period - Penalty to Chris Kreider is over, Chris Kreider is back on ice.
1:13 of 2nd period - Wrist shot by Chris Kreider.
1:13 of 2nd period - Shot Blocked by Darcy Hordichuk.
1:19 of 2nd period - Wrist shot by Milan Hejduk.
1:19 of 2nd period - Stopped by Cory Schneider without a rebound.
1:20 of 2nd period - Brandon Dubinsky wins face-off versus Jeff Carter in Flyers zone.
1:47 of 2nd period - Jonathan Ericsson is hit by Johan Franzen and loses puck.
1:56 of 2nd period - Snap shot by Gilbert Brule.
1:56 of 2nd period - Shot Misses the Net.
1:58 of 2nd period - Slapshot by Thomas Vanek.
1:58 of 2nd period - Stopped by Cory Schneider without a rebound.
1:59 of 2nd period - Johan Franzen wins face-off versus Jeff Carter in Flyers zone.
2:26 of 2nd period - Snap shot by Brad Richards.
2:26 of 2nd period - Shot Misses the Net.
2:28 of 2nd period - Slapshot by Carlo Colaiacovo.
2:28 of 2nd period - Shot Misses the Net.
2:30 of 2nd period - Slapshot by Vitaly Vishnevsky.
2:30 of 2nd period - Deflect By Chris Kreider.
2:30 of 2nd period - Stopped by Cory Schneider without a rebound.
2:31 of 2nd period - Kyle Wellwood wins face-off versus Johan Franzen in Flyers zone.
2:31 of 2nd period - Kyle Wellwood is hit by Gilbert Brule.
2:59 of 2nd period - Icing by Brenden Morrow.
3:00 of 2nd period - Jeff Carter wins face-off versus Brad Richards in Senateurs zone.
3:25 of 2nd period - Snap shot by Alexei Morozov.
3:25 of 2nd period - Stopped by Ondrej Pavelec with a rebound.
3:47 of 2nd period - Icing by Dan Girardi.
3:48 of 2nd period - Kyle Wellwood wins face-off versus Brad Richards in Senateurs zone.
3:53 of 2nd period - Wrist shot by Chris Kreider.
3:53 of 2nd period - Shot Misses the Net.
4:18 of 2nd period - Snap shot by Pavel Kubina.
4:18 of 2nd period - Stopped by Ondrej Pavelec without a rebound.
4:19 of 2nd period - Kyle Wellwood wins face-off versus Gilbert Brule in Senateurs zone.
4:35 of 2nd period - Wrist shot by Jeff Woywitka.
4:35 of 2nd period - Stopped by Ondrej Pavelec without a rebound.
4:36 of 2nd period - Brandon Dubinsky wins face-off versus Jeff Carter in Senateurs zone.
5:20 of 2nd period - Slapshot by Pavel Kubina.
5:20 of 2nd period - Stopped by Ondrej Pavelec with a rebound.
5:22 of 2nd period - Slapshot by Pavel Kubina.
5:22 of 2nd period - Stopped by Ondrej Pavelec with a rebound.
5:30 of 2nd period - Vitaly Vishnevsky is hit by Mats Zuccarello and loses puck.
6:22 of 2nd period - Wrist shot by Thomas Vanek.
6:22 of 2nd period - Stopped by Cory Schneider without a rebound.
6:23 of 2nd period - Kyle Wellwood wins face-off versus Gilbert Brule in Flyers zone.
6:23 of 2nd period - Kyle Wellwood is hit by Johan Franzen.
6:36 of 2nd period - Chris Kreider is hit by Gilbert Brule and loses puck.
6:51 of 2nd period - Icing by Kyle Wellwood.
6:52 of 2nd period - Kyle Wellwood wins face-off versus Brandon Dubinsky in Flyers zone.
7:25 of 2nd period - Kyle Wellwood is hit by Gilbert Brule and loses puck.
8:02 of 2nd period - Wrist shot by Andy McDonald.
8:02 of 2nd period - Stopped by Cory Schneider without a rebound.
8:03 of 2nd period - Jeff Carter wins face-off versus Gilbert Brule in Flyers zone.
8:29 of 2nd period - Minor Penalty to Jeff Carter for Cross-checking.
8:30 of 2nd period - Matthew Lombardi wins face-off versus Johan Franzen in Flyers zone.
8:35 of 2nd period - Johan Franzen is hit by Mats Zuccarello and loses puck.
9:25 of 2nd period - Carlo Colaiacovo is hit by John-Michael Liles and loses puck.
10:29 of 2nd period - Penalty to Jeff Carter is over, Jeff Carter is back on ice.
10:45 of 2nd period - Minor Penalty to Darcy Hordichuk for Hooking.
10:46 of 2nd period - Gilbert Brule wins face-off versus Jeff Carter in Senateurs zone.
11:10 of 2nd period - Kurtis Foster is hit by Jeff Woywitka and loses puck.
12:32 of 2nd period - Wrist shot by Alexei Morozov.
12:32 of 2nd period - Shot Misses the Net.
12:34 of 2nd period - Snap shot by Dany Heatley.
12:34 of 2nd period - Shot Misses the Net.
12:36 of 2nd period - Snap shot by Jeff Carter.
12:36 of 2nd period - Stopped by Ondrej Pavelec with a rebound.
12:38 of 2nd period - Wrist shot by Dany Heatley.
12:38 of 2nd period - Stopped by Ondrej Pavelec without a rebound.
12:39 of 2nd period - Gilbert Brule wins face-off versus Kyle Wellwood in Senateurs zone.
12:45 of 2nd period - Penalty to Darcy Hordichuk is over, Darcy Hordichuk is back on ice.
13:04 of 2nd period - Snap shot by Gilbert Brule.
13:04 of 2nd period - Stopped by Cory Schneider with a rebound.
13:18 of 2nd period - Snap shot by Matthew Lombardi.
13:18 of 2nd period - Stopped by Ondrej Pavelec with a rebound.
13:54 of 2nd period - Icing by Gilbert Brule.
13:55 of 2nd period - Brad Richards wins face-off versus Jeff O'Neill in Senateurs zone.
13:55 of 2nd period - Brad Richards is hit by Jeff O'Neill.
14:27 of 2nd period - Snap shot by Jeff Carter.
14:27 of 2nd period - Stopped by Ondrej Pavelec without a rebound.
14:28 of 2nd period - Andrew Ebbett wins face-off versus Kyle Wellwood in Senateurs zone.
14:50 of 2nd period - Minor Penalty to Andy McDonald for Holding.
14:51 of 2nd period - Gilbert Brule wins face-off versus Kyle Wellwood in Senateurs zone.
14:51 of 2nd period - Gilbert Brule is hit by Jeff Woywitka.
15:09 of 2nd period - Slapshot by Jeff Carter.
15:09 of 2nd period - Shot Misses the Net.
15:11 of 2nd period - Wrist shot by Jeff Carter.
15:11 of 2nd period - Goal by Jeff Carter - Flyers : 3 - Senateurs : 0.
15:12 of 2nd period - Gilbert Brule wins face-off versus Kyle Wellwood in neutral zone.
16:27 of 2nd period - Backhand shot by Rostislav Olesz.
16:27 of 2nd period - Shot Misses the Net.
16:35 of 2nd period - Jeff Woywitka is hit by George Parros and loses puck.
16:39 of 2nd period - Icing by Jeff Woywitka.
16:40 of 2nd period - Jeff O'Neill wins face-off versus Gilbert Brule in Flyers zone.
16:40 of 2nd period - Jeff O'Neill is hit by Johan Franzen.
16:46 of 2nd period - Snap shot by Stefan Ruzicka.
16:46 of 2nd period - Goal by Stefan Ruzicka - Flyers : 4 - Senateurs : 0.
16:47 of 2nd period - Kyle Wellwood wins face-off versus Gilbert Brule in neutral zone.
17:05 of 2nd period - Pavel Kubina is hit by Dan Hamhuis and loses puck.
17:18 of 2nd period - Snap shot by Brad Richards.
17:18 of 2nd period - Stopped by Cory Schneider without a rebound.
17:19 of 2nd period - Jeff Carter wins face-off versus Brenden Morrow in Flyers zone.
18:15 of 2nd period - Off-side.
18:16 of 2nd period - Kyle Wellwood wins face-off versus Gilbert Brule in neutral zone.
18:35 of 2nd period - Thomas Vanek is hit by John-Michael Liles and loses puck.
18:54 of 2nd period - Slapshot by Darcy Hordichuk.
18:54 of 2nd period - Shot Blocked by Brock Nelson.
19:15 of 2nd period - Slapshot by George Parros.
19:15 of 2nd period - Deflect By Andy McDonald.
19:15 of 2nd period - Shot Blocked by Victor Bartley.
19:15 of 2nd period - Puck is out of play.
19:16 of 2nd period - Gilbert Brule wins face-off versus Kyle Wellwood in Flyers zone.
19:19 of 2nd period - Slapshot by Gilbert Brule.
19:19 of 2nd period - Stopped by Cory Schneider without a rebound.
19:20 of 2nd period - Gilbert Brule wins face-off versus Kyle Wellwood in Flyers zone.
19:47 of 2nd period - Brad Richards is hit by Jeff Woywitka and loses puck.
Goals for this period are 2 for Flyers vs 0 for Senateurs.
Shots for this period are 14 for Flyers vs 8 for Senateurs.

3rd period


0:01 of 3rd period - Kyle Wellwood wins face-off versus Gilbert Brule in neutral zone.
0:15 of 3rd period - Minor Penalty to Dan Hamhuis for Goalie Interference.
0:16 of 3rd period - Thomas Vanek wins face-off versus Kyle Wellwood in Senateurs zone.
1:04 of 3rd period - Carlo Colaiacovo is hit by Chris Kreider and loses puck.
2:10 of 3rd period - Backhand shot by Brenden Morrow.
2:10 of 3rd period - Stopped by Cory Schneider with a rebound.
2:15 of 3rd period - Penalty to Dan Hamhuis is over, Dan Hamhuis is back on ice.
2:28 of 3rd period - Snap shot by Brandon Dubinsky.
2:28 of 3rd period - Deflect By Milan Hejduk.
2:28 of 3rd period - Stopped by Cory Schneider with a rebound.
2:50 of 3rd period - Snap shot by Andy McDonald.
2:50 of 3rd period - Stopped by Cory Schneider with a rebound.
2:52 of 3rd period - Snap shot by Andy McDonald.
2:52 of 3rd period - Goal by Andy McDonald - Flyers : 4 - Senateurs : 1.
2:53 of 3rd period - Kyle Wellwood wins face-off versus Gilbert Brule in neutral zone.
3:23 of 3rd period - Slapshot by Alexei Morozov.
3:23 of 3rd period - Shot Misses the Net.
3:35 of 3rd period - Minor Penalty to Alexei Morozov for Hooking.
3:36 of 3rd period - Matthew Lombardi wins face-off versus Gilbert Brule in Flyers zone.
4:01 of 3rd period - Matthew Lombardi is hit by Brenden Morrow and loses puck.
4:10 of 3rd period - Slapshot by Brenden Morrow.
4:10 of 3rd period - Stopped by Cory Schneider with a rebound.
4:12 of 3rd period - Snap shot by Kurtis Foster.
4:12 of 3rd period - Stopped by Cory Schneider with a rebound.
5:31 of 3rd period - Jeff Woywitka is hit by Darcy Hordichuk and loses puck.
5:35 of 3rd period - Penalty to Alexei Morozov is over, Alexei Morozov is back on ice.
5:42 of 3rd period - Loui Eriksson is hit by George Parros and loses puck.
6:39 of 3rd period - Icing by Chris Kreider.
6:40 of 3rd period - Brandon Dubinsky wins face-off versus Matthew Lombardi in Flyers zone.
7:05 of 3rd period - John-Michael Liles is hit by Dan Girardi and loses puck.
7:28 of 3rd period - John-Michael Liles is hit by Brenden Morrow and loses puck.
7:39 of 3rd period - Snap shot by B.J. Crombeen.
7:39 of 3rd period - Deflect By Jonathan Ericsson.
7:39 of 3rd period - Shot Blocked by Jonathan Ericsson.
7:39 of 3rd period - Puck is out of play.
7:40 of 3rd period - Gilbert Brule wins face-off versus Jeff Carter in Flyers zone.
7:41 of 3rd period - Wrist shot by Thomas Vanek.
7:41 of 3rd period - Stopped by Cory Schneider with a rebound.
7:43 of 3rd period - Wrist shot by Gilbert Brule.
7:43 of 3rd period - Stopped by Cory Schneider with a rebound.
8:27 of 3rd period - Slapshot by Stefan Ruzicka.
8:27 of 3rd period - Shot Blocked by Darcy Hordichuk.
9:05 of 3rd period - Minor Penalty to Chris Kreider for Hooking.
9:06 of 3rd period - Gilbert Brule wins face-off versus Matthew Lombardi in Flyers zone.
9:37 of 3rd period - Slapshot by Kurtis Foster.
9:37 of 3rd period - Shot Misses the Net.
9:39 of 3rd period - Snap shot by Brad Richards.
9:39 of 3rd period - Shot Blocked by Nathan Paetsch.
9:41 of 3rd period - Slapshot by Dan Hamhuis.
9:41 of 3rd period - Deflect By Brenden Morrow.
9:41 of 3rd period - Shot Misses the Net.
9:41 of 3rd period - Puck is out of play.
9:42 of 3rd period - Gilbert Brule wins face-off versus Jeff O'Neill in Flyers zone.
9:53 of 3rd period - Wrist shot by Gilbert Brule.
9:53 of 3rd period - Shot Blocked by Jeff Woywitka.
9:55 of 3rd period - Wrist shot by Gilbert Brule.
9:55 of 3rd period - Shot Misses the Net.
9:57 of 3rd period - Snap shot by Gilbert Brule.
9:57 of 3rd period - Shot Blocked by Jeff Woywitka.
10:19 of 3rd period - Snap shot by Rostislav Olesz.
10:19 of 3rd period - Stopped by Ondrej Pavelec with a rebound.
10:30 of 3rd period - Wrist shot by Jeff O'Neill.
10:30 of 3rd period - Stopped by Ondrej Pavelec with a rebound.
10:32 of 3rd period - Slapshot by Jeff O'Neill.
10:32 of 3rd period - Shot Blocked by Johan Franzen.
10:34 of 3rd period - Wrist shot by Jeff O'Neill.
10:34 of 3rd period - Stopped by Ondrej Pavelec without a rebound.
10:35 of 3rd period - Matthew Lombardi wins face-off versus Johan Franzen in Senateurs zone.
10:36 of 3rd period - Snap shot by Mats Zuccarello.
10:36 of 3rd period - Stopped by Ondrej Pavelec without a rebound.
10:37 of 3rd period - Gilbert Brule wins face-off versus Matthew Lombardi in Senateurs zone.
10:56 of 3rd period - Snap shot by Thomas Vanek.
10:56 of 3rd period - Shot Misses the Net.
11:05 of 3rd period - Penalty to Chris Kreider is over, Chris Kreider is back on ice.
11:12 of 3rd period - Snap shot by Brenden Morrow.
11:12 of 3rd period - Shot Misses the Net.
11:14 of 3rd period - Snap shot by Brenden Morrow.
11:14 of 3rd period - Stopped by Cory Schneider without a rebound.
11:15 of 3rd period - Brad Richards wins face-off versus Jeff Carter in Flyers zone.
11:18 of 3rd period - Slapshot by Brenden Morrow.
11:18 of 3rd period - Shot Hit the Post.
11:20 of 3rd period - Snap shot by B.J. Crombeen.
11:20 of 3rd period - Stopped by Cory Schneider with a rebound.
11:22 of 3rd period - Slapshot by Dan Hamhuis.
11:22 of 3rd period - Shot Misses the Net.
11:24 of 3rd period - Slapshot by Brad Richards.
11:24 of 3rd period - Shot Misses the Net.
11:26 of 3rd period - Wrist shot by Brenden Morrow.
11:26 of 3rd period - Stopped by Cory Schneider with a rebound.
11:37 of 3rd period - Icing by Alexei Morozov.
11:38 of 3rd period - Dany Heatley wins face-off versus Gilbert Brule in Flyers zone.
11:43 of 3rd period - Johan Franzen is hit by Jeff Woywitka and loses puck.
12:06 of 3rd period - Dany Heatley is hit by Brenden Morrow and loses puck.
12:13 of 3rd period - Wrist shot by B.J. Crombeen.
12:13 of 3rd period - Stopped by Cory Schneider with a rebound.
12:45 of 3rd period - Wrist shot by Jeff Carter.
12:45 of 3rd period - Shot Misses the Net.
13:01 of 3rd period - Snap shot by Milan Hejduk.
13:01 of 3rd period - Stopped by Cory Schneider with a rebound.
13:03 of 3rd period - Backhand shot by Brandon Dubinsky.
13:03 of 3rd period - Stopped by Cory Schneider without a rebound.
13:04 of 3rd period - Loui Eriksson wins face-off versus Gilbert Brule in Flyers zone.
13:38 of 3rd period - Snap shot by Mats Zuccarello.
13:38 of 3rd period - Deflect By Dan Girardi.
13:38 of 3rd period - Goal by Mats Zuccarello - Flyers : 5 - Senateurs : 1.
13:39 of 3rd period - Gilbert Brule wins face-off versus Kyle Wellwood in neutral zone.
14:25 of 3rd period - Jeff Woywitka is hit by Brandon Dubinsky and loses puck.
14:34 of 3rd period - Snap shot by Brandon Dubinsky.
14:34 of 3rd period - Stopped by Cory Schneider without a rebound.
14:35 of 3rd period - Gilbert Brule wins face-off versus Kyle Wellwood in Flyers zone.
14:36 of 3rd period - Snap shot by Thomas Vanek.
14:36 of 3rd period - Stopped by Cory Schneider with a rebound.
14:38 of 3rd period - Slapshot by Dan Girardi.
14:38 of 3rd period - Shot Misses the Net.
14:40 of 3rd period - Wrist shot by Thomas Vanek.
14:40 of 3rd period - Shot Misses the Net.
14:46 of 3rd period - Snap shot by Gilbert Brule.
14:46 of 3rd period - Shot Misses the Net.
14:48 of 3rd period - Slapshot by Vladimir Mihalik.
14:48 of 3rd period - Stopped by Cory Schneider with a rebound.
14:50 of 3rd period - Slapshot by Thomas Vanek.
14:50 of 3rd period - Stopped by Cory Schneider with a rebound.
15:18 of 3rd period - Icing by Jonathan Ericsson.
15:19 of 3rd period - Matthew Lombardi wins face-off versus Brandon Dubinsky in Flyers zone.
15:32 of 3rd period - Snap shot by Mats Zuccarello.
15:32 of 3rd period - Stopped by Ondrej Pavelec without a rebound.
15:33 of 3rd period - Gilbert Brule wins face-off versus Kyle Wellwood in Senateurs zone.
15:33 of 3rd period - Gilbert Brule is hit by John-Michael Liles.
15:38 of 3rd period - Off-side.
15:39 of 3rd period - Gilbert Brule wins face-off versus Kyle Wellwood in neutral zone.
15:49 of 3rd period - Off-side.
15:50 of 3rd period - Gilbert Brule wins face-off versus Jeff Carter in neutral zone.
16:05 of 3rd period - Snap shot by Thomas Vanek.
16:05 of 3rd period - Shot Misses the Net.
16:13 of 3rd period - Minor Penalty to Dan Hamhuis for Slashing.
16:14 of 3rd period - Gilbert Brule wins face-off versus Kyle Wellwood in Senateurs zone.
16:14 of 3rd period - Gilbert Brule is hit by Chris Kreider.
16:21 of 3rd period - Off-side.
16:22 of 3rd period - Gilbert Brule wins face-off versus Kyle Wellwood in neutral zone.
16:38 of 3rd period - Off-side.
16:39 of 3rd period - Jeff Carter wins face-off versus Gilbert Brule in neutral zone.
17:41 of 3rd period - Snap shot by Alexei Morozov.
17:41 of 3rd period - Stopped by Ondrej Pavelec without a rebound.
17:42 of 3rd period - Gilbert Brule wins face-off versus Kyle Wellwood in Senateurs zone.
17:51 of 3rd period - Chris Kreider is hit by Thomas Vanek and loses puck.
18:13 of 3rd period - Penalty to Dan Hamhuis is over, Dan Hamhuis is back on ice.
18:27 of 3rd period - Vitaly Vishnevsky is hit by Mats Zuccarello and loses puck.
18:38 of 3rd period - Slapshot by Kurtis Foster.
18:38 of 3rd period - Deflect By Andy McDonald.
18:38 of 3rd period - Shot Misses the Net.
18:38 of 3rd period - Puck is out of play.
18:39 of 3rd period - Jeff O'Neill wins face-off versus B.J. Crombeen in Flyers zone.
19:29 of 3rd period - Snap shot by Thomas Vanek.
19:29 of 3rd period - Stopped by Cory Schneider with a rebound.
19:31 of 3rd period - Slapshot by Vladimir Mihalik.
19:31 of 3rd period - Stopped by Cory Schneider with a rebound.
19:33 of 3rd period - Slapshot by Dan Girardi.
19:33 of 3rd period - Stopped by Cory Schneider without a rebound.
19:34 of 3rd period - Brad Richards wins face-off versus Kyle Wellwood in Flyers zone.
19:56 of 3rd period - Icing by Pavel Kubina.
19:57 of 3rd period - Gilbert Brule wins face-off versus Kyle Wellwood in Flyers zone.
19:58 of 3rd period - Slapshot by Thomas Vanek.
19:58 of 3rd period - Stopped by Cory Schneider with a rebound.
Goals for this period are 1 for Flyers vs 1 for Senateurs.
Shots for this period are 7 for Flyers vs 22 for Senateurs.